Map: Romanticide LE

Players

Passer

  • Race: Terran Terran
  • Spawn Location: 5:00

Pumba - Winner!

  • Race: Zerg Zerg
  • League: Diamond
  • Spawn Location: 11:00

VOD

Have the link to the VOD?

Description

Time

  • Played on: Aug. 17, 2021, 7:23 p.m.
  • Length: 16:11
Show
View Real Time Build Order
Export as new Build Order

Passer Terran 

Build Orders: Reaper Expand 

Get SALT Encoding   

  12  0:00  SCV  
  13  0:13  SCV  
  14  0:17  Supply Depot  
  14  0:25  SCV  
  15  0:38  SCV  
  15  0:40  Barracks  
  16  0:45  Refinery  
  16  0:51  SCV  
  17  1:03  SCV  
  18  1:15  SCV  
  19  1:27  Reaper, Orbital Command  
  20  1:43  Command Center  
  20  1:54  SCV  
  20  1:55  Supply Depot  
  20  1:59  Barracks Reactor  
  21  2:06  SCV  
  22  2:18  SCV  
  23  2:25  Factory  
  23  2:31  Refinery  
  23  2:36  SCV  
  23  2:37  Marine x2  
  26  2:50  SCV  
  27  2:57  Orbital Command  
  26  3:01  Marine  
  26  3:02  Marine  
  26  3:03  SCV  
  29  3:15  SCV  
  29  3:16  Orbital Command  
  30  3:21  Starport  
  30  3:29  SCV, Barracks Tech Lab  
  30  3:31  Hellion x2  
  35  3:42  SCV  
  36  3:50  Supply Depot, SCV  
  36  3:54  Hellion x2  
  36  3:55  SCV  
  42  4:02  SCV  
  43  4:07  SCV  
  44  4:10  Supply Depot  
  44  4:14  SCV  
  47  4:19  SCV  
  45  4:31  SCV  
  45  4:34  SCV  
  45  4:35  Starport Reactor  
  45  4:36  Barracks  
  47  4:38  Barracks  
  47  4:39  Command Center  
  47  4:40  Hellion  
  47  4:41  Supply Depot  
  47  4:43  SCV  
  50  4:45  Stimpack  
  50  4:46  Marine  
  50  4:51  SCV  
  52  4:55  SCV  
  52  4:57  Engineering Bay  
  53  5:03  SCV  
  53  5:06  Supply Depot  
  54  5:07  SCV  
  54  5:09  Refinery  
  55  5:15  SCV  
  55  5:19  Marine  
  55  5:20  SCV  
  58  5:28  SCV  
  63  5:30  Terran Infantry Weapons Level 1  
  63  5:31  Starport Reactor  
  63  5:32  SCV  
  60  5:40  SCV  
  60  5:42  Refinery, Marine x4  
  65  5:43  Marine  
  65  5:44  SCV  
  65  5:48  Supply Depot  
  67  5:50  Supply Depot  
  67  5:51  Orbital Command  
  67  5:52  SCV  
  68  5:57  Factory Tech Lab  
  68  6:00  Marine x3  
  68  6:03  Missile Turret  
  71  6:04  Missile Turret  
  71  6:05  SCV  
  71  6:08  Missile Turret, Marine x2  
  71  6:10  Medivac x2  
  79  6:11  SCV  
  79  6:17  Marine  
  80  6:21  SCV  
  81  6:28  Orbital Command  
  81  6:29  Marine x4  
  85  6:35  SCV x2  
  85  6:37  Marine  
  88  6:41  Medivac x2  
  88  6:46  Supply Depot  
  88  6:47  Supply Depot, SCV, Marine x4  
  92  6:49  Supply Depot  
  92  6:51  SCV  
  94  6:56  SCV  
  94  6:59  SCV  
  90  7:02  Marine  
  90  7:04  SCV, Marine  
  93  7:09  SCV  
  93  7:10  Engineering Bay  
  93  7:12  Armory  
  94  7:17  SCV x2  
  94  7:21  SCV  
  94  7:22  Supply Depot, Marine  
  98  7:23  Supply Depot  
  98  7:24  Terran Infantry Armor Level 1  
  98  7:25  Combat Shield  
  98  7:29  SCV  
  99  7:30  Marine  
  100  7:44  Marine x3  
  100  7:49  Marine x2  
  101  7:57  Medivac  
  97  8:02  Marine x3  
  95  8:06  SCV, Marine  
  95  8:07  SCV, Marine  
  95  8:12  SCV  
  95  8:19  SCV, Marine  
  96  8:20  Marine x2  
  96  8:23  Barracks  
  96  8:24  Missile Turret, Marine x2  
  101  8:31  Barracks  
  101  8:33  Barracks  
  96  8:36  SCV x2  
  96  8:37  Marine x3  
  100  8:42  Marine x2  
  100  8:55  Marine x3  
  100  8:56  Refinery  
  100  9:00  SCV x2, Medivac, Marine  
  100  9:01  Medivac  
  110  9:04  SCV  
  110  9:08  Marine  
  112  9:11  Thor  
  112  9:12  Terran Infantry Weapons Level 2  
  112  9:13  Marine  
  119  9:17  Marine  
  119  9:23  SCV x3  
  123  9:30  Supply Depot  
  118  9:31  Supply Depot  
  118  9:33  Barracks Reactor, Marine x2  
  118  9:34  Refinery  
  118  9:35  Barracks Reactor x2, SCV  
  118  9:38  Refinery  
  109  9:39  Missile Turret  
  109  9:48  SCV x2  
  111  9:56  Command Center  
  111  10:06  Marine x5  
  108  10:10  Marine  
  108  10:11  Marine x2  
  110  10:17  Medivac x2  
  110  10:19  Thor  
  110  10:20  Marine  
  108  10:31  SCV x3  
  108  10:33  Marine x2  
  108  10:35  Command Center  
  113  10:43  SCV x3  
  116  10:50  Terran Infantry Armor Level 2  
  116  10:52  Marine x6  
  116  10:53  Marine x4  
  116  10:55  SCV x2  
  116  10:56  SCV  
  129  10:58  Ghost Academy  
  129  11:02  Barracks  
  129  11:07  SCV  
  129  11:08  SCV  
  129  11:09  Medivac  
  129  11:10  Medivac  
  135  11:19  Marine x2  
  135  11:20  Marauder, Marine x2  
  135  11:23  SCV x3  
  144  11:28  Marine x3  
  144  11:32  Marine x2  
  149  11:38  Marine x3  
  142  11:41  Marauder  
  115  11:58  Marine x2  
  115  11:59  Marine  
  98  12:03  Marauder  
  98  12:08  Marine x2  
  93  12:15  Marine  
  84  12:19  Marine  
  80  12:24  Marauder  
  80  12:28  Marine  
  61  12:45  Marauder  
Show
View Real Time Build Order
Export as new Build Order

Pumba Zerg - Winner!

Build Orders: Pool First 

Get SALT Encoding   

  12  0:00  Drone  
  13  0:12  Overlord  
  13  0:17  Drone  
  14  0:31  Drone  
  14  0:32  Drone  
  16  0:36  Drone  
  17  0:50  Spawning Pool, Drone  
  17  1:07  Hatchery  
  16  1:12  Drone, Extractor  
  16  1:15  Drone  
  17  1:19  Drone  
  18  1:30  Drone  
  19  1:38  Queen  
  21  1:41  Overlord  
  21  1:49  Zergling x2  
  22  2:03  Drone  
  23  2:13  Drone  
  23  2:14  Queen  
  26  2:20  Metabolic Boost  
  26  2:23  Drone  
  26  2:25  Drone  
  28  2:35  Drone x2  
  30  2:44  Drone x2  
  30  2:45  Hatchery  
  31  2:53  Queen  
  31  2:56  Overlord  
  32  3:06  Drone x3  
  32  3:11  Overlord  
  35  3:13  Overlord  
  35  3:14  Drone  
  36  3:26  Drone x7  
  43  3:32  Zergling x2  
  44  3:43  Zergling x4  
  46  4:01  Drone x2  
  46  4:02  Drone x7  
  55  4:03  Queen  
  57  4:15  Overlord x3  
  57  4:20  Lair  
  57  4:23  Baneling Nest  
  56  4:31  Drone x3, Extractor  
  57  4:33  Drone  
  57  4:37  Extractor  
  58  4:38  Extractor  
  58  4:39  Drone x12  
  69  4:48  Queen  
  71  4:53  Extractor  
  71  4:55  Extractor  
  71  4:57  Drone x2  
  71  4:59  Drone  
  72  5:01  Drone x2  
  72  5:02  Drone  
  72  5:03  Drone x3  
  77  5:07  Overlord  
  77  5:08  Overlord  
  77  5:09  Zergling x2  
  77  5:10  Zergling x4  
  79  5:21  Spire  
  79  5:22  Centrifugal Hooks  
  79  5:23  Drone  
  79  5:42  Drone, Hatchery  
  79  5:44  Drone x2, Hatchery  
  79  5:45  Drone x2  
  79  5:49  Overlord x3  
  82  5:51  Hatchery  
  82  5:52  Overseer  
  81  6:04  Zergling x18  
  90  6:14  Drone x2  
  90  6:16  Evolution Chamber  
  90  6:17  Evolution Chamber  
  90  6:27  Overlord x2  
  90  6:34  Extractor  
  90  6:37  Drone  
  90  6:39  Extractor, Overlord x2  
  89  6:41  Mutalisk x2  
  89  6:42  Mutalisk x6  
  89  6:44  Mutalisk  
  107  6:50  Mutalisk  
  107  6:51  Mutalisk x4  
  117  7:05  Zerg Flyer Weapons Level 1, Zerg Ground Armor Level 1  
  117  7:08  Drone x3  
  119  7:09  Drone x3  
  119  7:10  Drone x5  
  129  7:15  Drone x2  
  129  7:18  Zerg Melee Weapons Level 1  
  130  7:24  Extractor  
  130  7:25  Extractor  
  128  7:30  Spore Crawler  
  128  7:32  Spore Crawler x2  
  128  7:34  Spore Crawler  
  122  7:38  Zergling x18  
  122  7:41  Baneling x4  
  122  7:42  Baneling  
  122  7:43  Baneling x2  
  122  7:44  Zergling x20  
  133  7:50  Zergling x10  
  140  7:52  Drone x3  
  137  8:13  Drone x2  
  137  8:14  Zergling x14, Drone x4  
  137  8:15  Zergling x6  
  137  8:16  Overlord  
  153  8:24  Spore Crawler, Overlord x2  
  153  8:25  Overlord x2  
  148  8:40  Drone x2  
  148  8:41  Drone x3  
  140  8:42  Drone  
  139  8:50  Hatchery  
  136  9:01  Mutalisk x5  
  144  9:04  Drone  
  144  9:05  Drone x2, Extractor  
  144  9:07  Drone x3  
  149  9:19  Queen  
  149  9:21  Queen  
  149  9:43  Baneling x8  
  149  9:44  Baneling x3  
  149  9:50  Drone x7  
  156  9:55  Zerg Melee Weapons Level 2, Zerg Ground Armor Level 2  
  156  9:56  Zerg Flyer Weapons Level 2  
  155  10:02  Drone  
  153  10:08  Mutalisk x3  
  153  10:09  Mutalisk x7  
  169  10:45  Hatchery  
  169  10:46  Hatchery  
  169  10:47  Hatchery x2  
  165  11:07  Spore Crawler, Spine Crawler  
  163  11:16  Hatchery  
  161  11:22  Baneling  
  161  11:23  Zergling x36  
  179  11:27  Baneling x4  
  179  11:28  Baneling x7  
  179  11:31  Baneling x9  
  178  11:42  Baneling x8  
  178  11:43  Baneling x20  
  175  11:53  Baneling x4  
  175  11:54  Baneling x11  
  140  14:46  Overseer  
  140  14:48  Pneumatized Carapace  
Tags
 
Add a new tag
Caveats
  • Supply blocks, unpowered buildings, or Contaminate may cause inaccurate times.
  • Supply counts are checked every 10 seconds.